 Dungeon Crawl Stone Soup version 0.30-a0-721-ga6a225cb13 (webtiles) character file.

Game seed: 10528955413369494371

276 gohu the Cudgeller (level 6, -8/56 HPs)
             Began as a Hill Orc Fighter on Jan 27, 2023.
             Killed by divine providence
             ... invoked by an orc priest
              (13 damage)
             ... on level 4 of the Dungeon.
             The game lasted 00:08:00 (3852 turns).

gohu the Cudgeller (Hill Orc Fighter)               Turns: 3852, Time: 00:08:00

Health: -8/56      AC:  4    Str: 29    XL:     6   Next: 25%
Magic:  6/6        EV:  9    Int:  6    God:
Gold:   55         SH:  4    Dex:  8    Spells: 5/5 levels left

rFire   . . .      SeeInvis .    a - +0 flail
rCold   . . .      Faith    .    c - +0 buckler
rNeg    . . .      Spirit   .    b - +0 scale mail
rPois   .          Reflect  .    (no helmet)
rElec   .          Harm     .    (no cloak)
rCorr   .          Rampage  .    (no gloves)
Will    .....      Rage     3%   (no boots) Stlth
                                 (no amulet)
HPRegen 0.29/turn                (no ring)
MPRegen 0.10/turn                (no ring)

@: no status effects
A: berserk 1, deformed body, strong 2
a: Convert to Beogh


You were on level 4 of the Dungeon.
You visited 1 branch of the dungeon, and saw 4 of its levels.

You collected 250 gold pieces.
You spent 195 gold pieces at shops.

Inventory:

Hand Weapons
 a - a +0 flail (weapon)
Armour
 b - a +0 scale mail (worn)
 c - a +0 buckler (worn)
Jewellery
 i - a ring of magical power
Scrolls
 e - a scroll of fog
 h - 4 scrolls of teleportation
Potions
 d - 2 potions of might
 f - a potion of brilliance
 g - a potion of curing
 j - 3 potions of heal wounds


   Skills:
 * Level 5.0 Fighting
 * Level 5.3 Maces & Flails
 + Level 4.2 Armour
 + Level 3.6 Shields


You had 5 spell levels left.
You didn't know any spells.
Your spell library contained the following spells:

 Spells                   Type           Power      Damage    Failure   Level
 Slow                     Hex            0%         N/A       80%         1
 Confusing Touch          Hex            0%         N/A       99%         3
 Vampiric Draining        Necr           0%         2d6       99%         3


Dungeon Overview and Level Annotations

Branches:
Dungeon (4/15)
 Temple: D:4-7

Altars:
Zin

Shops:
D:4 **!


Innate Abilities, Weirdness & Mutations

You sometimes lose your temper in combat.
Armour fits poorly on your strangely shaped body.
Your muscles are very strong. (Str +8, Int/Dex -2)


Message History

Deactivating autopickup; reactivate with Ctrl-A.
The orc priest calls down the wrath of Beogh upon you.
Pain shoots through your body!
You hear some strange, mumbled words.
A magic dart appears from out of thin air!
The magic dart hits you.
You are too injured to fight recklessly!
You are too injured to fight recklessly!
You are too injured to fight recklessly!
You are too injured to fight recklessly!
You hit the orc.
You kill the orc!
Something hits you. The orc priest barely misses you.
You hit the orc priest.
The orc priest is lightly wounded.
Something hits you.
The orc priest begins to cast a cantrip, but forgets the words!
You closely miss the orc priest.
The orc priest is lightly wounded.
Something hits you but does no damage.
The orc priest looks encouraged for a moment.
The orc priest threatens, "By the altar or by the axe, you will meet Beogh!"
You sock the orc priest!
The orc priest is almost dead.
Something hits you.
The orc priest calls down the wrath of Beogh upon you.
Beogh smites you!
* * * LOW HITPOINT WARNING * * *
You closely miss the orc priest.
The orc priest is almost dead.
Something hits you.
* * * LOW HITPOINT WARNING * * *
The orc priest hits you but does no damage.
You barely miss the orc priest.
The orc priest is almost dead.
Something hits you.
* * * LOW HITPOINT WARNING * * *
The orc priest invokes the aid of Beogh against you.
Beogh smites you!
You die...

#.∩#..####.# #.##
..........## #.#..
........#.## .....
##.....##..### #[...
#.....##....####....
#...........>##..#
###.####........#
### ##.......##
#.##...@o#
#..##+##{)# .....
⌠..# ....## ###..#
.... ∩.. ..# #.##
#.. ⌠#. ... ..# ##..


You could see an orc priest.

Vanquished Creatures
  A gnoll bouda (D:4)
  An iguana (D:4)
  An orc wizard (D:3)
  Robin (D:3)
  4 gnolls
  5 adders
  A worm (D:2)
  2 dart slugs
  4 orcs
  10 ball pythons
  10 endoplasms
  4 giant cockroaches
  19 goblins
  6 hobgoblins
  3 jackals (D:2)
  7 kobolds
  2 quokkas
  4 bats
  3 frilled lizards
  6 rats
94 creatures vanquished.

Vanquished Creatures (others)
  3 demonic plants (D:1)
3 creatures vanquished.

Grand Total: 97 creatures vanquished

Notes
Turn   | Place    | Note
-------+----------+-------------------------------------------
     0 | D:1      | gohu the Hill Orc Fighter began the quest for the Orb.
     0 | D:1      | Reached XP level 1. HP: 19/19 MP: 1/1
   115 | D:1      | Reached XP level 2. HP: 27/27 MP: 2/2
   541 | D:1      | Reached XP level 3. HP: 33/33 MP: 3/3
  1638 | D:2      | Reached XP level 4. HP: 40/40 MP: 4/4
  2240 | D:3      | Found a faded altar of an unknown god.
  2341 | D:3      | Noticed Robin
  2350 | D:3      | Killed Robin
  2358 | D:3      | HP: 1/41 [goblin/+0 dagger[Robin] (3)]
  2359 | D:3      | Gained mutation: You sometimes lose your temper in combat.
                  | [potion of mutation]
  2359 | D:3      | Gained mutation: Your muscles are strong. (Str +4, Int/Dex
                  | -1) [potion of mutation]
  2359 | D:3      | Gained mutation: Armour fits poorly on your strangely
                  | shaped body. [potion of mutation]
  2359 | D:3      | Gained mutation: You have an increased reservoir of magic.
                  | (+10% MP) [potion of mutation]
  2611 | D:3      | Reached XP level 5. HP: 44/47 MP: 5/5
  2631 | D:3      | Lost mutation: You sometimes lose your temper in combat.
                  | [potion of mutation]
  2631 | D:3      | Lost mutation: You have an increased reservoir of magic.
                  | (+10% MP) [potion of mutation]
  2631 | D:3      | Gained mutation: You sometimes lose your temper in combat.
                  | [potion of mutation]
  2631 | D:3      | Gained mutation: Your muscles are very strong. (Str +8,
                  | Int/Dex -2) [potion of mutation]
  2945 | D:3      | Found a glowing silver altar of Zin.
  3643 | D:4      | Found Jaagong's General Store.
  3677 | D:4      | Reached skill level 5 in Fighting
  3677 | D:4      | Reached skill level 5 in Maces & Flails
  3677 | D:4      | Reached XP level 6. HP: 40/56 MP: 6/6
  3792 | D:4      | Found Wuliuv's General Store.
  3799 | D:4      | Bought 2 potions of heal wounds for 130 gold pieces
  3799 | D:4      | Bought a scroll of identify for 26 gold pieces
  3799 | D:4      | Bought a scroll of teleportation for 39 gold pieces
  3843 | D:4      | Found Eblog's Distillery.
  3852 | D:4      | Killed from afar by an orc priest

Illustrated notes

Levels and vault maps discovered:
D:1:      onia_arrival_mini_spirals, layout_loops_ring,
          minmay_misc_feat_four_crosses, dreamdust_princess_corridor,
          nicolae_eternal_life
D:2:      layout_basic, minmay_puff
D:3:      minmay_diamond_boxcup, layout_loops_corners, zin_statuary,
          chequers_ecumenical_altar_simple, serial_park_tiny_pond, uniq_robin
D:4:      layout_layer_cave, minmay_temple_entry_from_below_a, serial_shops,
          nicolae_shop_hallway_plus, shop, nicolae_diamond_shop

Skill      XL: |  1  2  3  4  5 |
---------------+----------------+-----
Fighting       | 4 5 |  5.0
Maces & Flails | 3 4 5 |  5.3
Armour         | 4 |  4.2
Shields        | |  3.6

Action                     |  1- 3 |  4- 6 || total
---------------------------+-------+-------++-------
  Melee: Flail             |   120 |   158 ||   278
    Use: Potion            |       |     4 ||     4
         Scroll            |       |     3 ||     3
 Armour: Scale mail        |    41 |    61 ||   102
  Dodge: Dodged            |    57 |    65 ||   122
  Block: Buckler           |    26 |    32 ||    58

Table legend: (Time is in decaauts)
 A = Elapsed time spent in this place.
 B = Non-inter-level travel time spent in this place.
 C = Inter-level travel time spent in this place.
 D = Time resting spent in this place.
 E = Time spent auto-exploring this place.
 F = Levels seen in this place.
 G = Mean time per level.
                   A        B        C        D        E       F      G
               +--------+--------+--------+--------+--------+-----+--------+
         Total |   3987 |   3801 |    186 |    400 |   2632 |   4 |  996.8 |
       Dungeon |   3987 |   3801 |    186 |    400 |   2632 |   4 |  996.8 |
               +--------+--------+--------+--------+--------+-----+--------+

Top non-repeatable levels by time:
     D:3: 1522 daAuts
     D:1: 935 daAuts
     D:2: 899 daAuts
     D:4: 629 daAuts
